 Dungeon Sprint DCSS version 0.19-a0-1908-g43c011f (webtiles) character file.

0 esc the Sneak (level 1, -2/9 HPs)
             Began as a Spriggan Enchanter on Oct 22, 2016.
             Engulfed by a cloud of foul pestilence (11 damage)
             ... in the Dungeon (Sprint II: "The Violet Keep of Menkaure").
             The game lasted 00:00:32 (42 turns).

esc the Sneak (Spriggan Enchanter)                    Turns: 42, Time: 00:00:33

Health: -2/9       AC:  3    Str:  4    XL:     1   Next: 0%
Magic:  5/5        EV: 18    Int: 16    God:
Gold:   0          SH:  0    Dex: 16    Spells: 1 memorised, 4 levels left

rFire  . . .     SeeInvis +     a - +1 dagger
rCold  . . .     Gourm    .     b - +1 robe
rNeg   . . .     Faith    .     (shield restricted)
rPois  .         Spirit   .     (helmet restricted)
rElec  .         Reflect  .     (no cloak)
rCorr  .         Harm     .     (gloves unavailable)
MR     .....     NoTele   +     (boots unavailable)
Stlth  +++.......               (no amulet)
                                (no ring)
                                (no ring)

@: lethally poisoned (-2 -> -36), slowed, quick
A: unfitting armour, see invisible, herbivore 3, speed 3, slow metabolism 2
a: no special abilities


You were in the Dungeon.
You were not hungry.

You visited 1 branch

Inventory:

Hand Weapons
 a - a +1 dagger (weapon)
Armour
 b - a +1 robe (worn)
Scrolls
 j - a scroll of blinking {!r}
Potions
 e - a potion of curing
 f - a potion of heal wounds
 g - a potion of haste
 h - 2 potions of magic
 i - a potion of berserk rage {!q}
Books
 c - a book of Maledictions
Comestibles
 d - a bread ration {@e1}


   Skills:
 + Level 0.0 Fighting
 + Level 1.1 Short Blades
 + Level 3.0 Dodging
 + Level 4.4 Stealth
 + Level 2.6 Spellcasting
 + Level 3.6 Hexes


You had 4 spell levels left.
You knew the following spells:

 Your Spells              Type           Power        Failure   Level  Hunger
v - Corona                Hex            ##.....      6%          1    #......


Dungeon Overview and Level Annotations

Branches:
Dungeon (1/1)

Altars:


Innate Abilities, Weirdness & Mutations

You are very small and have problems with some larger weapons.
You are too small for most types of armour.
You have supernaturally acute eyesight. (SInv)
You are a herbivore.
You cover ground extremely quickly.
You need consume almost no food.


Message History

Welcome, esc the Spriggan Enchanter.
Found a staircase leading out of the dungeon.
No target in view!
You open the door. 2 worms come into view.
You close the door.
You open the door. 4 necrophages come into view.
You close the door.
A necrophage opens the door.
You close the door.
A necrophage opens the door.
You close the door.
A necrophage opens the door.
You close the door.
A necrophage opens the door.
You close the door.
A necrophage opens the door.
You close the door.
A necrophage opens the door.
You close the door.
A necrophage opens the door.
You close the door.
A necrophage opens the door.
You close the door.
A necrophage opens the door.
You close the door.
A necrophage opens the door.
You close the door.
A necrophage opens the door.
You close the door.
A necrophage opens the door.
You close the door.
A necrophage opens the door.
As you close the door, it creaks loudly!
A necrophage opens the door.
As you close the door, it creaks loudly!
A necrophage opens the door.
You close the door.
A necrophage opens the door.
You close the door.
A necrophage opens the door.
You close the door.
A necrophage opens the door.
You close the door.
A necrophage opens the door.
As you close the door, it creaks loudly!
A necrophage opens the door.
You close the door.
A necrophage opens the door.
You close the door.
A necrophage opens the door.
You close the door.
A necrophage opens the door.
You close the door.
A necrophage opens the door.
As you open the door, it creaks loudly!
A neqoxec comes into view.
The neqoxec shouts!
You hear a shout! x3
You open the door. 4 worker ants come into view.
The worker ant twitches its antennae in your direction.
The necrophage closely misses you.
You open the door. The necrophage misses you. x2
The neqoxec gestures.
The worm barely misses you.
There is an open door here.
You open the door. The worm misses you.
A worm comes into view.
The flying skull gives a hideous shriek! x5
You hear a hideous shriek! x5
There is an open door here.
A crocodile comes into view.
You open the gate. 3 flying skulls come into view.
You are engulfed in dark miasma.
You are lethally poisoned!
You feel yourself slow down.
Ouch! That really hurt!
You die...

####+####
##§§§§..§##
##z§§z§§z..##
+§.§z§§§.§..#
#§§zzz§zz§
#§§zzz§
##≈≈#''§#+++##
#≈≈≈..§@.....#
#≈≈≈≈t##'##..#
#≈≈≈≈##w#.#
#≈≈≈ #w.##w#
#≈≈# ##n$### #
#≈##. ##'# a#
# #...##.##.a#
#$n.n3'#
#...##.##a.#


You could see a crocodile (sleeping), 12 flying skulls and a worm (sleeping).

Vanquished Creatures (others)
  Menkaure (D)
1 creature vanquished.

Notes
Turn   | Place    | Note
-------+----------+-------------------------------------------
     0 | D        | esc the Spriggan Enchanter began the quest for the Orb.
     0 | D        | Reached XP level 1. HP: 9/9 MP: 5/5
     4 | D        | Noticed a necrophage
     4 | D        | Noticed a necrophage
     4 | D        | Noticed a necrophage
     4 | D        | Noticed a necrophage
    30 | D        | Noticed a neqoxec
    32 | D        | Noticed a worker ant
    32 | D        | Noticed a worker ant
    32 | D        | Noticed a worker ant
    32 | D        | Noticed a worker ant
    35 | D        | Killed Menkaure
    39 | D        | Noticed a flying skull
    39 | D        | Noticed a flying skull
    40 | D        | Noticed a flying skull
    40 | D        | Noticed a flying skull
    40 | D        | Noticed a flying skull
    41 | D        | Noticed a flying skull
    41 | D        | Noticed a flying skull
    41 | D        | Noticed a flying skull
    41 | D        | Noticed a flying skull
    41 | D        | Noticed a crocodile
    42 | D        | Noticed a flying skull
    42 | D        | Noticed a flying skull
    42 | D        | Noticed a flying skull
    42 | D        | Engulfed by a cloud of foul pestilence

Vault maps used:
D:        the_violet_keep_of_menkaure

Action                   || total
-------------------------++-------
Dodge: Dodged            ||     5

Vault maps used:
D:        the_violet_keep_of_menkaure

Table legend:
 A = Turns spent in this place as a percentage of turns spent in the entire game.
 B = Non-inter-level travel turns spent in this place as a percentage of non-inter-level travel turns spent in the entire game.
 C = Inter-level travel turns spent in this place as a percentage of turns spent in this place.
 D = Turns resting spent in this place as a percentage of non-inter-level travel turns spent in this place.
 E = Turns spent auto-exploring this place as a percentage of non-inter-level travel turns spent in this place.
 F = Non-inter-level travel turns spent in this place divided by the number of levels of this place that you've seen.
                   A       B       C       D       E      F
               +-------+-------+-------+-------+-------+----------------------
         Total | 100.0 | 100.0 |   0.0 |   0.0 |   0.0 |  45.0
       Dungeon | 100.0 | 100.0 |   0.0 |   0.0 |   0.0 |  45.0
               +-------+-------+-------+-------+-------+----------------------
